 Dungeon Crawl Stone Soup version 0.31-a0-1603-gbec6b6ccbf (webtiles) character file.

Game seed: 1087309450816615698

8934 wildpjah the Carver (level 11, -12/83 HPs)
             Began as a Merfolk Gladiator on Jan 8, 2024.
             Was a High Priest of Okawaru.
             Mangled by a sun demon (18 damage)
             ... on level 10 of the Dungeon.
             The game lasted 00:29:58 (11098 turns).

wildpjah the Carver (Merfolk Gladiator)            Turns: 11098, Time: 00:29:59

Health: -12/83     AC: 13    Str: 14    XL:     11   Next: 38%
Magic:  0/20       EV: 23    Int:  8    God:    Okawaru [*****.]
Gold:   523        SH:  0    Dex: 20    Spells: 19/22 levels left

rFire   . . .        K - +3 falchion (spect)
rCold   . . .        e - orb {*channel}
rNeg    . . .        G - +3 acid dragon scales
rPois   +            c - +0 helmet
rElec   .            (no cloak)
rCorr   +            D - +0 pair of gloves
SInv    .            J - +0 pair of boots
Will    .....        k - amulet of guardian spirit
Stlth   +++          O - +5 ring of evasion
HPRegen 0.33/turn    y - ring of poison resistance
MPRegen 0.17/turn

%: guardian spirit, channel magic (20%)
@: about to teleport
A: (nimble swimmer 2), mertail
a: Renounce Religion, Heroism, Finesse, Duel


You were on level 10 of the Dungeon.
You worshipped Okawaru.
Okawaru was extremely pleased with you.
You visited 2 branches of the dungeon, and saw 11 of its levels.

You collected 523 gold pieces.

Inventory:

Hand Weapons
 a - a +0 long sword
 p - a +0 dagger
 w - a +0 falchion
 C - a +0 scimitar of holy wrath
 F - a +1 dagger of electrocution
 K - a +3 spectral falchion (weapon)
Missiles
 q - 7 poisoned darts
 r - 5 atropa-tipped darts
 Q - a throwing net
Armour
 b - a +0 leather armour
 c - a +0 helmet (worn)
 d - a +4 chain mail of cold resistance
 e - an orb of energy (worn)
 D - a +0 pair of gloves (worn)
 G - +3 acid dragon scales (worn)
 J - a +0 pair of boots (worn)
Jewellery
 k - an amulet of guardian spirit (around neck)
 o - a +6 ring of intelligence
 u - a +5 ring of evasion
 v - a ring of protection from cold
 y - a ring of poison resistance (right hand)
 E - a ring of wizardry
 O - a +5 ring of evasion (left hand)
Wands
 s - a wand of flame (7)
 I - a wand of paralysis (7)
Scrolls
 f - 5 scrolls of fear
 h - a scroll of enchant weapon {unknown}
 i - a scroll of vulnerability
 j - 2 scrolls of teleportation
 t - 3 scrolls of amnesia
 x - a scroll of blinking {unknown}
 A - a scroll of enchant armour
 B - a scroll of silence {unknown}
 H - a scroll of torment
 M - 2 scrolls of identify
 P - a scroll of poison
 R - a scroll of immolation {unknown}
Potions
 l - 3 potions of mutation
 m - 2 potions of cancellation
 n - 3 potions of enlightenment
 z - 3 potions of might
 L - a potion of magic
 N - a potion of invisibility {unknown}


   Skills:
 + Level 6.7 Fighting
 + Level 0.3(6.7) Short Blades
 + Level 10.7 Long Blades
 + Level 3.1 Throwing
 + Level 4.1 Armour
 * Level 9.8 Dodging
 + Level 3.9 Stealth
 * Level 6.3 Spellcasting
 * Level 7.6 Ice Magic
 + Level 0.5 Invocations
 + Level 1.1 Evocations


You had 19 spell levels left.
You knew the following spells:

 Your Spells              Type           Power      Damage    Failure   Level
a - Frozen Ramparts       Ice            28%        1d5       13%         3

Your spell library contained the following spells:

 Spells                   Type           Power      Damage    Failure   Level
 Apportation              Tloc           4%         N/A       54%         1
 Slow                     Hex            8%         N/A       54%         1
 Cigotuvi's Dreadful Rot  Necr/Alch/Air  4%         N/A       65%         2
 Jinxbite                 Hex            4%         N/A       65%         2
 Confusing Touch          Hex            2%         N/A       85%         3
 Sigil of Binding         Hex            2%         N/A       85%         3
 Stone Arrow              Conj/Erth      4%         3d7       85%         3
 Vampiric Draining        Necr           2%         2d6       85%         3
 Metabolic Englaciation   Hex/Ice        4%         N/A       96%         5
 Ignite Poison            Fire/Alch      2%         N/A       99%         4
 Leda's Liquefaction      Alch/Erth      1%         N/A       99%         4
 Petrify                  Alch/Erth      2%         N/A       99%         4
 Freezing Cloud           Conj/Ice/Air   3%         6-21      99%         5
 Alistair's Intoxication  Alch           1%         N/A       100%        5
 Lehudib's Crystal Spear  Conj/Erth      1%         10d2      100%        8
 Animate Armour           Summ/Erth      Unusable   N/A       N/A         4

Dungeon Overview and Level Annotations

Branches:
Dungeon (10/15)            Temple (1/1) D:5            Lair (0/5) D:8
    Orc: D:9-12

Altars:
Ashenzari
Cheibriados
Dithmenos
Elyvilon
Fedhas
Gozag
Hepliaklqana
Kikubaaqudgha
Makhleb
Nemelex Xobeh
Okawaru
Qazlal
Ru
Sif Muna
Trog
Uskayaw
Vehumet
Wu Jian
Xom
Yredelemnul
Zin
The Shining One


Innate Abilities, Weirdness & Mutations

((You are very nimble when in or above water. (Stealth+, EV+, Speed+++)))
Your lower body shifts to a powerful aquatic tail in water.


Message History

You slash the sun demon!
The sun demon is lightly wounded.
The sun demon is frozen!
The wall freezes the sun demon.
The sun demon hits you!
You are engulfed in flames!
The wall freezes the shadow imp but does no damage.
An ice devil comes into view.
The rust devil resists.
The wall freezes the rust devil.
The white imp completely resists.
The wall freezes the white imp but does no damage.
As you read the scroll of teleportation, it crumbles to dust.
You feel strangely unstable.
The wall freezes the sun demon.
The sun demon hits you!
You are engulfed in flames!!
* * * LOW HITPOINT WARNING * * *
The shadow imp completely resists.
The wall freezes the shadow imp but does no damage.
The rust devil resists.
The wall freezes the rust devil.
The wall freezes the sun demon but does no damage.
The sun demon barely misses you.
You feel better.
The wall freezes the sun demon but does no damage.
The sun demon hits you!!
* * * LOW HITPOINT WARNING * * *
You are engulfed in flames!
* * * LOW HITPOINT WARNING * * *
The wall freezes the shadow imp but does no damage.
The white imp completely resists.
The wall freezes the white imp but does no damage.
The wall freezes the rust devil but does no damage.
You feel better.
The frozen ramparts melt away.
The sun demon barely misses you.
Unknown command.
You hit the sun demon.
The sun demon is moderately wounded.
The sun demon closely misses you.
You slash the sun demon!
The sun demon is heavily wounded.
The sun demon hits you!
* * * LOW HITPOINT WARNING * * *
You are engulfed in flames!!
You die...

#.......† #........
#...##... ##...##...
#......... #.........
#......... ###########
##........
....453@..######........
##8≈.48##...............
#8≈..55 #######.........
8≈4.... #.........
≈...≈.§ #.........
...≈8≈. #....##...
..≈8#8§ ##...####+
...≈8§. #....#...
.....#...


You could see a sun demon, a hellwing, an ice devil, a rust devil, 2 white imps
and a shadow imp.

Vanquished Creatures
  A two-headed ogre (D:9)
  Pikel (D:6)
  An elephant (D:7)
  Maggie (D:7)
  Jeremiah (D:6)
  A troll (D:9)
  Prince Ribbit (D:7)
  Sigmund (D:5)
  A shadow (D:10)
  A basilisk (D:8)
  A wyvern (D:9)
  11 yaks
  Grum (D:8)
  An acid dragon (D:10)
  3 orc warriors (D:9)
  3 ice beasts
  3 black bears
  2 sky beasts
  3 ogres
  4 wolves
  2 centaurs
  2 scorpions
  2 kobold brigands
  2 bullfrogs
  A gnoll sergeant (D:9)
  9 wights
  3 bombardier beetles
  3 crimson imps (D:9)
  9 orc priests
  2 hounds
  2 gnoll boudas
  7 iguanas
  Natasha (D:2)
  Terence (D:2)
  5 sleepcaps
  8 orc wizards
  10 adders
  20 gnolls
  5 white imps
  2 ufetubi (D:5)
  A dart slug (D:1)
  35 orcs
  2 endoplasms (D:3)
  2 giant cockroaches
  7 goblins
  2 hobgoblins (D:2)
  9 jackals
  14 kobolds
  6 ball pythons
  6 bats
  3 frilled lizards
  5 rats
230 creatures vanquished.

Vanquished Creatures (others)
  An orc wizard (D:7)
1 creature vanquished.

Grand Total: 231 creatures vanquished

Notes
Turn   | Place    | Note
-------+----------+-------------------------------------------
     0 | D:1      | wildpjah the Merfolk Gladiator began the quest for the Orb.
     0 | D:1      | Reached XP level 1. HP: 16/16 MP: 1/1
   101 | D:1      | Reached skill level 4 in Long Blades
   104 | D:1      | Reached XP level 2. HP: 13/22 MP: 2/2
   386 | D:1      | Reached XP level 3. HP: 28/28 MP: 3/3
   533 | D:1      | Found a faded altar of an unknown god.
   744 | D:2      | Noticed Terence
   769 | D:2      | Noticed Natasha
   790 | D:2      | Killed Terence
   791 | D:2      | Reached skill level 1 in Armour
   791 | D:2      | Reached XP level 4. HP: 28/34 MP: 2/4
  1109 | D:2      | Killed Natasha
  1535 | D:3      | Learned a level 3 spell: Frozen Ramparts
  1765 | D:3      | Found a blossoming altar of Fedhas.
  1766 | D:3      | Found a glowing golden altar of the Shining One.
  1766 | D:3      | Found a sparkling altar of Nemelex Xobeh.
  1770 | D:3      | Found a stormy altar of Qazlal.
  1770 | D:3      | Found a hide-covered altar of Uskayaw.
  1771 | D:3      | Found a glowing silver altar of Zin.
  1783 | D:3      | Reached skill level 5 in Long Blades
  1783 | D:3      | Reached skill level 1 in Stealth
  1783 | D:3      | Reached XP level 5. HP: 24/39 MP: 2/5
  2275 | D:4      | Reached skill level 1 in Ice Magic
  2417 | D:4      | Reached skill level 1 in Spellcasting
  2417 | D:4      | Reached XP level 6. HP: 26/46 MP: 3/7
  2652 | D:4      | Found a radiant altar of Vehumet.
  3050 | D:4      | Noticed a black bear
  3071 | D:4      | Killed a black bear
  3072 | D:4      | Reached skill level 6 in Long Blades
  3072 | D:4      | Reached skill level 5 in Dodging
  3072 | D:4      | Reached XP level 7. HP: 52/52 MP: 7/9
  4195 | D:5      | Entered Level 5 of the Dungeon
  4827 | D:5      | Reached skill level 7 in Long Blades
  4827 | D:5      | Reached XP level 8. HP: 37/60 MP: 5/11
  5054 | D:5      | Found a staircase to the Ecumenical Temple.
  5069 | Temple   | Entered the Ecumenical Temple
  5080 | Temple   | Became a worshipper of Warmaster Okawaru
  5279 | D:5      | Noticed Sigmund
  5290 | D:5      | Killed Sigmund
  5678 | D:6      | Noticed Jeremiah
  5758 | D:6      | Reached * piety under Okawaru
  5760 | D:6      | Killed Jeremiah
  5761 | D:6      | Reached skill level 8 in Long Blades
  5761 | D:6      | Reached XP level 9. HP: 21/66 MP: 1/14
  6398 | D:6      | Noticed Pikel
  6457 | D:6      | Killed Pikel
  6457 | D:6      | Reached ** piety under Okawaru
  6821 | D:7      | Reached skill level 5 in Fighting
  6821 | D:7      | Reached skill level 5 in Ice Magic
  6846 | D:7      | Reached skill level 9 in Long Blades
  6849 | D:7      | Found a basalt altar of Yredelemnul.
  6895 | D:7      | Noticed Prince Ribbit
  6909 | D:7      | Killed Prince Ribbit
  7024 | D:7      | Noticed Maggie
  7035 | D:7      | Killed Maggie
  7036 | D:7      | Reached skill level 1 in Evocations
  7068 | D:7      | Reached *** piety under Okawaru
  7086 | D:7      | Reached XP level 10. HP: 59/70 MP: 11/16
  7546 | D:7      | Found a broken altar of Ashenzari.
  7852 | D:7      | Found a shimmering altar of Xom.
  8067 | D:8      | Reached skill level 5 in Spellcasting
  8070 | D:8      | Reached **** piety under Okawaru
  8188 | D:8      | Noticed Grum
  8197 | D:8      | Noticed an elephant
  8200 | D:8      | Reached skill level 10 in Long Blades
  8462 | D:7      | Killed an elephant
  8497 | D:8      | Killed Grum
  8612 | D:8      | Found a staircase to the Lair.
  9498 | D:8      | Reached ***** piety under Okawaru
  9621 | D:9      | Reached XP level 11. HP: 29/82 MP: 1/19
 10448 | D:9      | Noticed a two-headed ogre
 10461 | D:9      | Killed a two-headed ogre
 10614 | D:9      | Received a gift from Okawaru
 10851 | D:10     | Entered Level 10 of the Dungeon
 11086 | D:10     | Noticed a sun demon
 11098 | D:10     | Mangled by a sun demon

Illustrated notes

Levels and vault maps discovered:
D:1:      noname_arrival_rooms_in_the_neighbourhood, layout_rooms,
          ebering_ecumenical_altar_ruins
D:2:      layout_rooms, uniq_terence, uniq_natasha
D:3:      layout_loops_corners, grunt_temple_overflow_open, serial_bayou,
          serial_bayou_shore_b, serial_bayou_pond_d, serial_bayou_shore_a,
          serial_bayou_lagoon_a, serial_bayou_pond_c, serial_bayou_lake_a
D:4:      layout_basic, nicolae_vehumet_altar_sigil, corexii_hall_statues_s
D:5:      layout_loops_corners, minmay_temple_entry_proselytizer, uniq_sigmund
D:6:      layout_rooms, hangedman_decor_clover_reticule, uniq_jeremiah,
          uniq_pikel
D:7:      layout_loops_cross, ashenzari_conservatory_becter, enter_bailey_3,
          minmay_statues_item, hangedman_feature_mirror,
          kennysheep_pointless_box, uniq_maggie, uniq_prince_ribbit1
D:8:      layout_basic, david_lair_generic, serial_glass, glass_columns_b,
          glass_columns_b, item_on_display_a, minmay_misc_feat_cross, uniq_grum
D:9:      layout_long_grid, minmay_fire_ice_demons
D:10:     layout_gridville, nicolae_demonic_statue_gallery
Temple:   nicolae_temple_great_sept

Skill      XL: |  1  2  3  4  5  6  7  8  9 10 11 |
---------------+----------------------------------+-----
Long Blades    | 4 5 6 7 8 9 10 | 10.7
Armour         | 1 2 3 4 |  4.1
Stealth        | 1 2 3 |  3.9
Ice Magic      | 1 2 3 4 5 6 7 |  7.6
Spellcasting   | 1 2 3 4 5 6 |  6.3
Fighting       | 3 4 5 6 |  6.7
Dodging        | 5 6 7 9 |  9.8
Evocations     | 1 |  1.1
Throwing       | 3 |  3.1
Short Blades   | |  0.3
Invocations    | |  0.5

Action                     |  1- 3 |  4- 6 |  7- 9 | 10-12 || total
---------------------------+-------+-------+-------+-------++-------
  Melee: Long sword        |    80 |    65 |   230 |       ||   375
         Dagger            |    11 |       |     2 |       ||    13
         Tailslap          |       |     1 |       |       ||     1
         Falchion          |       |    62 |   146 |   313 ||   521
         Punch             |       |     3 |     6 |     1 ||    10
  Throw: Throwing net      |     3 |     1 |       |     1 ||     5
         Javelin           |     1 |       |     5 |     1 ||     7
         Dart              |       |     2 |    17 |     8 ||    27
   Cast: Frozen Ramparts   |       |       |       |    24 ||    24
 Invoke: Heroism           |       |       |     2 |       ||     2
  Evoke: Wand              |       |       |     7 |     2 ||     9
    Use: Potion            |       |     1 |     2 |     5 ||     8
         Scroll            |       |       |       |    15 ||    15
   Stab: Held in net/web   |     3 |       |       |     2 ||     5
         Sleeping          |       |     3 |     3 |     4 ||    10
         Distracted        |       |       |     1 |     5 ||     6
         Invisible         |       |       |     1 |     1 ||     2
         Paralysed         |       |       |     2 |       ||     2
 Armour: Leather armour    |    60 |    70 |    77 |       ||   207
         Chain mail        |       |       |   172 |       ||   172
         Acid dragon scale |       |       |     7 |   209 ||   216
  Dodge: Dodged            |    65 |    73 |   191 |   271 ||   600

Table legend: (Time is in decaauts)
 A = Elapsed time spent in this place.
 B = Non-inter-level travel time spent in this place.
 C = Inter-level travel time spent in this place.
 D = Time resting spent in this place.
 E = Time spent auto-exploring this place.
 F = Levels seen in this place.
 G = Mean time per level.
                   A        B        C        D        E       F      G
               +--------+--------+--------+--------+--------+-----+--------+
         Total |  11000 |  10683 |    317 |    395 |   8136 |  11 | 1000.0 |
       Dungeon |  10978 |  10671 |    307 |    395 |   8136 |  10 | 1097.8 |
        Temple |     22 |     12 |     10 |      0 |      0 |   1 |   22.0 |
               +--------+--------+--------+--------+--------+-----+--------+

Top non-repeatable levels by time:
     D:4: 2072 daAuts
     D:8: 1411 daAuts
     D:7: 1398 daAuts
     D:5: 1359 daAuts
     D:9: 1244 daAuts
     D:6: 1013 daAuts
     D:3: 837 daAuts
     D:1: 730 daAuts
     D:2: 673 daAuts
    D:10: 237 daAuts
  Temple: 22 daAuts
